 Dungeon Crawl Stone Soup version 0.31-a0-997-g9a2f3ffc92 (webtiles) character file.

Game seed: 18261109278018684466

3200 Maratek the Cleaver (level 9, -6/67 (69) HPs)
             Began as a Demonspawn Fighter on Nov 7, 2023.
             Was a Believer of Qazlal.
             Mangled by a boulder beetle (7 damage)
             ... on level 7 of the Dungeon.
             The game lasted 00:12:25 (6845 turns).

Maratek the Cleaver (Demonspawn Fighter)            Turns: 6845, Time: 00:12:28

HP:   -6/67 (69)    AC: 15    Str: 20    XL:     9   Next: 64%
MP:   9/9           EV:  8    Int: 12    God:    Qazlal [**....]
Gold: 1248          SH:  8    Dex: 17    Spells: 8/8 levels left

rFire   . . .        a - +1 war axe
rCold   . . .        c - +0 buckler
rNeg    + . .        s - +0 chain mail
rPois   .            t - +0 helmet
rElec   .            (no cloak)
rCorr   .            j - +1 pair of gloves
SInv    .            (no boots)
Will    +....        (no amulet) Stlth
                     k - ring "Ziduisod" {Contam rN+ Int+3 Dex+3 Slay+3}
HPRegen 0.31/turn    o - ring of willpower
MPRegen 0.11/turn

%: no passive effects
@: lightly drained
A: slimy green scales 1, spiny 2, weakness stinger 1
a: Renounce Religion, Upheaval


You were on level 7 of the Dungeon.
You worshipped Qazlal.
Qazlal was pleased with you.
You visited 1 branch of the dungeon, and saw 8 of its levels.

You collected 1248 gold pieces.

Inventory:

Hand Weapons
 a - a +1 war axe (weapon)
Missiles
 n - 4 throwing nets
Armour
 c - a +0 buckler (worn)
 j - a +1 pair of gloves (worn)
 s - a +0 chain mail (worn)
 t - a +0 helmet (worn)
Jewellery
 k - the ring "Ziduisod" (left hand) {Contam rN+ Int+3 Dex+3 Slay+3}
   (You found it on level 2 of the Dungeon)

   [ring of positive energy]

   Int+3:     It affects your intelligence (+3).
   Dex+3:     It affects your dexterity (+3).
   Slay+3:    It affects your accuracy & damage with ranged weapons and melee
   (+3).
   rN+:       It protects you from negative energy.
   Contam:    It causes magical contamination when unequipped.
 o - a ring of willpower (right hand)
Wands
 b - a wand of flame (19)
 g - a wand of iceblast (6)
Scrolls
 h - 4 scrolls of revelation
 i - 2 scrolls of identify
 l - a scroll of blinking {unknown}
 m - a scroll of poison
Potions
 r - a potion of brilliance


   Skills:
 + Level 5.8 Fighting
 + Level 9.1 Axes
 + Level 6.4 Armour
 + Level 1.6 Dodging
 + Level 1.2 Stealth
 + Level 4.7 Shields


You had 8 spell levels left.
You didn't know any spells.
Your spell library contained the following spells:

 Spells                   Type           Power      Damage    Failure   Level
 Gell's Gravitas          Tloc           0%         N/A       100%        3
 Teleport Other           Tloc           0%         N/A       100%        3
 Dispersal                Tloc           0%         N/A       100%        6


Dungeon Overview and Level Annotations

Branches:
Dungeon (8/15)             Temple (0/1) D:4
   Lair: D:8-11

Altars:
Cheibriados
Fedhas
Gozag
Hepliaklqana
Qazlal
Uskayaw
Wu Jian
Xom

Annotations:
D:3 1 runed translucent door, Crazy Yiuf


Innate Abilities, Weirdness & Mutations

You are partially covered in slimy green scales. (AC +2)
You are mostly covered in sharp spines.
You have a small tail.


Message History

Your life force feels restored.
The boulder beetle bites you.
Things that are here:
a +1 falchion; a +0 robe You hit the boulder beetle.
The boulder beetle is lightly wounded.
The boulder beetle is struck by your spines.
The boulder beetle bites you but does no damage.
A wight comes into view.
It is wielding a +0 spear and wearing a +2 robe of willpower.
You hit the boulder beetle.
You tail-slap the boulder beetle, but do no damage.
The boulder beetle is moderately wounded.
The boulder beetle leaps!
The boulder beetle bites you! The boulder beetle bites you!
You hit the boulder beetle but do no damage.
The boulder beetle is lightly wounded.
The boulder beetle bites you!! The wight closely misses you.
You hit the boulder beetle but do no damage.
The boulder beetle is lightly wounded.
You block the boulder beetle's attack. You block the wight's attack.
You hit the boulder beetle but do no damage.
You tail-slap the boulder beetle, but do no damage.
The boulder beetle is lightly wounded.
The boulder beetle bites you!
* * * LOW HITPOINT WARNING * * *
The wight hits you from afar with a +0 spear.
* * * LOW HITPOINT WARNING * * *
You partially resist.
You feel drained. The boulder beetle bites you!
* * * LOW HITPOINT WARNING * * *
The wight is struck by your spines. The wight hits you but does no damage.
You block the wight's attack.
You slash the wight!
You destroy the wight!
Qazlal accepts your kill.
You hit the boulder beetle but do no damage.
The boulder beetle is struck by your spines.
The boulder beetle bites you!
You die...

####### #.....#
#####.# #.#
########.....# #.#
.(.##........###.#
##.##.##.##......#
.#.##.##.##.##)###
.........##.##.B@#
.#.##.#####.####)#
...##... ..# #.#
.######## ### #.#
.# #.# .# ... .#
##. .# . .# ..


You could see a boulder beetle.

Vanquished Creatures
  Joseph (D:7)
  A yak (D:7)
  Duvessa (D:7)
  Menkaure (D:7)
  A water moccasin (D:7)
  3 ice beasts
  A black bear (D:6)
  5 ogres
  2 centaurs
  2 phantoms
  2 bullfrogs (D:7)
  A gnoll sergeant (D:7)
  7 wights
  2 jellies (D:5)
  Dowan (D:7)
  A howler monkey (D:6)
  3 hounds
  An orc priest (D:4)
  A gnoll bouda (D:6)
  An iguana (D:7)
  2 orc wizards (D:7)
  A sleepcap (D:5)
  Terence (D:3)
  A mummy (D:6)
  21 gnolls
  5 adders
  A shadow imp (D:7)
  2 white imps
  5 ufetubi
  5 worms
  2 dart slugs
  11 orcs
  7 ball pythons
  9 bats
  8 endoplasms
  5 giant cockroaches
  8 goblins
  9 hobgoblins
  7 quokkas
  2 frilled lizards
  10 kobolds
  3 rats
163 creatures vanquished.

Notes
Turn   | Place    | Note
-------+----------+-------------------------------------------
     0 | D:1      | Maratek the Demonspawn Fighter began the quest for the Orb.
     0 | D:1      | Reached XP level 1. HP: 18/18 MP: 1/1
    81 | D:1      | Gained mutation: You have a small tail. [demonic ancestry]
    81 | D:1      | Reached XP level 2. HP: 20/24 MP: 2/2
   124 | D:1      | Reached skill level 2 in Axes
   929 | D:2      | Reached XP level 3. HP: 21/29 MP: 3/3
  1167 | D:2      | Gained mutation: You are partially covered in sharp spines.
                  | [demonic ancestry]
  1167 | D:2      | Reached XP level 4. HP: 34/35 MP: 4/4
  1186 | D:2      | Identified the ring "Ziduisod" {Contam rN+ Int+3 Dex+3
                  | Slay+3}
  1311 | D:2      | You fall into a shaft and drop 2 floors!
  1323 | D:4      | Noticed an ogre
  1418 | D:3      | Noticed Terence
  1426 | D:3      | Killed Terence
  1538 | D:2      | Found a faded altar of an unknown god.
  1542 | D:2      | Reached skill level 3 in Axes
  1550 | D:2      | Identified a scroll of acquirement
  1550 | D:2      | Acquired 885 gold pieces
  1972 | D:3      | Found a stormy altar of Qazlal.
  2116 | D:3      | Became a worshipper of Qazlal Stormbringer
  2240 | D:3      | Found a runed translucent door.
  2241 | D:3      | Noticed Crazy Yiuf
  2536 | D:4      | Reached XP level 5. HP: 37/41 MP: 5/5
  2597 | D:4      | Killed an ogre
  2598 | D:4      | Reached skill level 4 in Axes
  2717 | D:4      | Found a staircase to the Ecumenical Temple.
  2735 | D:4      | Gained mutation: You are partially covered in slimy green
                  | scales. (AC +2) [demonic ancestry]
  2735 | D:4      | Reached XP level 6. HP: 32/48 MP: 6/6
  2880 | D:4      | Found a hide-covered altar of Uskayaw.
  2884 | D:4      | Found an ornate altar of the Wu Jian Council.
  3142 | D:5      | Entered Level 5 of the Dungeon
  3260 | D:5      | Reached skill level 5 in Axes
  3377 | D:5      | Found a blossoming altar of Fedhas.
  3426 | D:5      | Reached XP level 7. HP: 40/54 MP: 7/7
  3456 | D:5      | Found a shimmering altar of Xom.
  3458 | D:5      | Found a hazy altar of Hepliaklqana.
  3458 | D:5      | Noticed a hell beast
  3459 | D:5      | Noticed a spectral ugly thing
  3459 | D:5      | Noticed a hell beast
  3926 | D:5      | Reached * piety under Qazlal
  4229 | D:6      | Reached skill level 1 in Dodging
  4259 | D:6      | Reached skill level 6 in Axes
  4740 | D:6      | Reached XP level 8. HP: 54/61 MP: 8/8
  4817 | D:6      | Reached skill level 7 in Axes
  5379 | D:6      | Found a snail-covered altar of Cheibriados.
  5442 | D:7      | Noticed Menkaure
  5448 | D:7      | Reached skill level 5 in Armour
  5452 | D:7      | Killed Menkaure
  5651 | D:7      | Noticed Joseph
  5652 | D:7      | Reached skill level 5 in Fighting
  5667 | D:7      | Killed Joseph
  5668 | D:7      | Reached skill level 8 in Axes
  5668 | D:7      | Gained mutation: You are mostly covered in sharp spines.
                  | [demonic ancestry]
  5668 | D:7      | Reached XP level 9. HP: 44/68 MP: 9/9
  5767 | D:7      | Reached ** piety under Qazlal
  5807 | D:7      | Noticed Dowan
  5807 | D:7      | Noticed Duvessa
  5814 | D:7      | Killed Dowan
  5822 | D:7      | Killed Duvessa
  5823 | D:7      | Reached skill level 1 in Stealth
  6185 | D:7      | Found an opulent altar of Gozag.
  6269 | D:7      | Noticed a boulder beetle
  6270 | D:7      | Noticed a red ugly thing
  6558 | D:7      | Reached skill level 9 in Axes
  6601 | D:7      | Noticed a gargoyle
  6843 | D:7      | HP: 1/67 [boulder beetle (12)]
  6845 | D:7      | Mangled by a boulder beetle

Illustrated notes

Levels and vault maps discovered:
D:1:      evilmike_arrival_rings, layout_basic, minmay_misc_feat_square
D:2:      layout_rooms, shapermc_ecumenical_altar_acropolis
D:3:      layout_loops_ring, lemuel_crystal_altar, minmay_bisected,
          uniq_crazy_yiuf_cottage, uniq_terence
D:4:      layout_rooms, mainiacjoe_overflow_alcove_3, minmay_temple_entry_tees
D:5:      nicolae_cairo_tiling_large, layout_cave_pools,
          regret_index_temple_of_mockery, mainiacjoe_overflow_tiny_flanked
D:6:      corexii_shack_village, layout_basic, slow_altar_2
D:7:      nzn_winding_woodlands_cross [nzn_winding_woodlands_5x15_twine,
          nzn_winding_woodlands_5x15_concentric,
          nzn_winding_woodlands_5x15_crooked, nzn_winding_woodlands_5x15_cabin,
          nzn_winding_woodlands_15x15_five_gardens], layout_loops_cross,
          lemuel_round_altar, uniq_menkaure, uniq_joseph, uniq_duvessa
D:8:      layout_loops_corners, mainiacjoe_overflow_six_doors_small,
          mainiacjoe_overflow_cross_hatched, nicolae_overflow_crystal_walls,
          uniq_prince_ribbit1, uniq_jeremiah

Skill      XL: |  1  2  3  4  5  6  7  8  9 |
---------------+----------------------------+-----
Axes           | 2 3 4 5 6 8 9 |  9.1
Shields        | 3 4 |  4.7
Armour         | 3 4 5 6 |  6.4
Fighting       | 4 5 |  5.8
Dodging        | 1 |  1.6
Stealth        | 1 |  1.2

Action                     |  1- 3 |  4- 6 |  7- 9 || total
---------------------------+-------+-------+-------++-------
  Melee: War axe           |    85 |    82 |   199 ||   366
         Tailslap          |     4 |    12 |    27 ||    43
    Use: Scroll            |     2 |     4 |    11 ||    17
         Potion            |       |       |    10 ||    10
   Stab: Invisible         |       |       |     2 ||     2
 Armour: Scale mail        |    70 |    23 |       ||    93
         Chain mail        |       |    45 |   173 ||   218
  Dodge: Dodged            |    43 |    21 |    74 ||   138
  Block: Buckler           |    22 |    24 |    80 ||   126

Table legend: (Time is in decaauts)
 A = Elapsed time spent in this place.
 B = Non-inter-level travel time spent in this place.
 C = Inter-level travel time spent in this place.
 D = Time resting spent in this place.
 E = Time spent auto-exploring this place.
 F = Levels seen in this place.
 G = Mean time per level.
                   A        B        C        D        E       F      G
               +--------+--------+--------+--------+--------+-----+--------+
         Total |   6952 |   6603 |    349 |   1250 |   4223 |   8 |  869.0 |
       Dungeon |   6952 |   6603 |    349 |   1250 |   4223 |   8 |  869.0 |
               +--------+--------+--------+--------+--------+-----+--------+

Top non-repeatable levels by time:
     D:7: 1434 daAuts
     D:6: 1215 daAuts
     D:3: 1070 daAuts
     D:1: 932 daAuts
     D:5: 886 daAuts
     D:4: 855 daAuts
     D:2: 554 daAuts
     D:8: 1 daAuts
